 Dungeon Crawl Stone Soup version 0.30-a0-726-gd89dcf765f (webtiles) character file.

Game seed: 7900263355526289808

109 Leeroy the Grasshopper (level 4, -1/32 (38) HPs)
             Began as a Gnoll Warper on Jan 28, 2023.
             Slain by an ufetubus (4 damage)
             ... summoned by Eustachio
             ... on level 4 of the Dungeon on Jan 29, 2023.
             The game lasted 00:04:11 (2716 turns).

Leeroy the Grasshopper (Gnoll Warper)               Turns: 2716, Time: 00:04:12

HP:   -1/32 (38)    AC:  4    Str: 10    XL:     4   Next: 89%
MP:   10/11         EV: 13    Int: 13    God:
Gold: 129           SH:  0    Dex: 13    Spells: 11/13 levels left

rFire   . . .      SeeInvis .    a - +0 falchion
rCold   . . .      Faith    .    (no shield)
rNeg    . . .      Spirit   .    b - +0 leather armour
rPois   .          Reflect  .    (no helmet)
rElec   .          Harm     .    (no cloak)
rCorr   .          Rampage  .    s - +0 pair of gloves
Will    .....                    (no boots)
Stlth   +                        (no amulet)
HPRegen 0.25/turn                e - ring of wizardry
MPRegen 0.12/turn                (no ring)

@: heavily drained
A: fangs 1, strong nose, distributed training
a: no special abilities


You were on level 4 of the Dungeon.
You visited 1 branch of the dungeon, and saw 4 of its levels.

You collected 129 gold pieces.

Inventory:

Hand Weapons
 a - a +0 falchion (weapon)
Missiles
 d - 7 boomerangs of dispersal (quivered)
Armour
 b - a +0 leather armour (worn)
 s - a +0 pair of gloves (worn)
Jewellery
 e - a ring of wizardry (left hand)
Wands
 r - a wand of polymorph (11)
Scrolls
 c - a scroll of blinking
 h - a scroll of teleportation {unknown}
 j - a scroll of brand weapon {unknown}
 m - a scroll of immolation {unknown}
 q - 2 scrolls of identify {unknown}
 t - a scroll of fog {unknown}
 v - a scroll of poison {unknown}
Potions
 f - 3 potions of curing {unknown}
 g - a potion of mutation {unknown}
 i - 2 potions of brilliance {unknown}
 k - a potion of invisibility {unknown}
 l - 2 potions of attraction {unknown}
 n - 2 potions of haste {unknown}
 o - a potion of berserk rage {unknown}
 p - 2 potions of resistance {unknown}
 u - a potion of lignification {unknown}


   Skills:
 + Level 4.7 Fighting
 + Level 1.3 Short Blades
 + Level 4.7 Long Blades
 + Level 1.3 Axes
 + Level 1.3 Maces & Flails
 + Level 1.3 Polearms
 + Level 1.3 Staves
 + Level 1.3 Ranged Weapons
 + Level 2.8 Throwing
 + Level 2.8 Armour
 + Level 4.7 Dodging
 + Level 1.3 Stealth
 + Level 1.3 Shields
 + Level 1.3 Unarmed Combat
 + Level 5.1 Spellcasting
 + Level 1.0 Conjurations
 + Level 1.0 Hexes
 + Level 1.0 Summonings
 + Level 1.0 Necromancy
 + Level 5.5 Translocations
 + Level 1.0 Transmutations
 + Level 1.0 Fire Magic
 + Level 1.0 Ice Magic
 + Level 1.0 Air Magic
 + Level 1.0 Earth Magic
 + Level 1.0 Poison Magic
 + Level 1.4 Invocations
 + Level 1.3 Evocations


You had 11 spell levels left.
You knew the following spells:

 Your Spells              Type           Power      Damage    Failure   Level
a - Blink                 Tloc           34%        N/A       1%          2

Your spell library contained the following spells:

 Spells                   Type           Power      Damage    Failure   Level
 Lesser Beckoning         Tloc           34%        N/A       1%          2
 Teleport Other           Tloc           17%        N/A       3%          3
 Vhi's Electric Charge    Tloc/Air       22%        N/A       8%          3
 Manifold Assault         Tloc           17%        N/A       11%         4


Dungeon Overview and Level Annotations

Branches:
Dungeon (4/15)
 Temple: D:4-7

Altars:
Zin

Shops:
D:1 *

Annotations:
D:4 Eustachio


Innate Abilities, Weirdness & Mutations

You have very sharp teeth.
Your uncanny sense of smell can sniff out nearby items.
Your experience applies equally to all skills.


Message History

You hit Eustachio. Your bite misses Eustachio.
Eustachio is moderately wounded.
The ufetubus completely misses you. The ufetubus barely misses you.
Eustachio hits you with a +0 falchion of draining.
You feel drained. The shadow imp hits you. The crimson imp closely misses you.
You barely miss Eustachio. Your bite misses Eustachio.
Eustachio is moderately wounded.
The ufetubus misses you. The ufetubus hits you. The shadow imp misses you.
Eustachio twirls his moustache.
Eustachio hits you with a +0 falchion of draining.
* * * LOW HITPOINT WARNING * * *
You feel drained.
* * * LOW HITPOINT WARNING * * *
The crimson imp hits you but does no damage.
The ufetubus hits you.
* * * LOW HITPOINT WARNING * * *
The ufetubus hits you.
* * * LOW HITPOINT WARNING * * *
Casting: Blink (safe; 1% risk of failure)
Confirm with . or Enter, or press ? or * to list all spells.
You blink.
The ufetubus misses you. x2
The crimson imp shouts, "Relinquish hope, thou infectious fool-headed pustule!"
The ufetubus misses you. The ufetubus closely misses you.
The ufetubus attacks as you move away!
The ufetubus hits you but does no damage.
The ufetubus hits you.
* * * LOW HITPOINT WARNING * * *
You feel stable enough to blink again.
The crimson imp blinks!
The ufetubus attacks as you move away! The ufetubus closely misses you. x2
The ufetubus barely misses you. The ufetubus closely misses you.
The ufetubus hits you but does no damage.
The ufetubus barely misses you. The ufetubus attacks as you move away!
The ufetubus closely misses you. The ufetubus barely misses you.
The ufetubus misses you. The ufetubus closely misses you.
The crimson imp blinks!
The ufetubus hits you.
You die...

#.#...#...#.#
###.#.....#.#.# #
#......######.#.#
#.............#.##
#....#.##........# .
#................# ..
#....#.##........#
#..#....#[##........# .
...## #.##@.......# ..
##.####.##5.......# ...
#..>.#.##........#
....######.#.##5.......#
.......$.....##@.......#
...........5.##........#
...........ยง..#........#
............@..........#
............#...########


You could see Eustachio, a shadow imp (summoned) and an ufetubus (summoned).

Vanquished Creatures
  4 adders
  2 worms (D:3)
  An orc (D:3)
  4 endoplasms
  4 giant cockroaches
  8 hobgoblins
  3 jackals (D:2)
  2 quokkas
  9 ball pythons
  8 bats
  4 frilled lizards
  4 goblins
  8 kobolds
  4 rats
65 creatures vanquished.

Notes
Turn   | Place    | Note
-------+----------+-------------------------------------------
     0 | D:1      | Leeroy the Gnoll Warper began the quest for the Orb.
     0 | D:1      | Reached XP level 1. HP: 20/20 MP: 6/6
    39 | D:1      | Found Oppeqos's Assorted Antiques.
   149 | D:1      | Upgraded the game from 0.30-a0-723-gc1506a1cf0 to
                  | 0.30-a0-726-gd89dcf765f
   251 | D:1      | Found a faded altar of an unknown god.
   256 | D:1      | Reached XP level 2. HP: 26/26 MP: 7/7
   411 | D:1      | Learned a level 2 spell: Blink
   557 | D:1      | Reached skill level 5 in Spellcasting
   557 | D:1      | Reached XP level 3. HP: 31/31 MP: 7/9
   955 | D:2      | Reached skill level 1 in Invocations
  1143 | D:2      | Reached skill level 1 in Short Blades
  1143 | D:2      | Reached skill level 1 in Axes
  1143 | D:2      | Reached skill level 1 in Maces & Flails
  1143 | D:2      | Reached skill level 1 in Polearms
  1143 | D:2      | Reached skill level 1 in Staves
  1143 | D:2      | Reached skill level 1 in Ranged Weapons
  1143 | D:2      | Reached skill level 1 in Stealth
  1143 | D:2      | Reached skill level 1 in Shields
  1143 | D:2      | Reached skill level 1 in Unarmed Combat
  1143 | D:2      | Reached skill level 1 in Evocations
  1378 | D:2      | Reached XP level 4. HP: 38/38 MP: 11/11
  1719 | D:3      | Found a glowing silver altar of Zin.
  2111 | D:3      | Reached skill level 1 in Conjurations
  2111 | D:3      | Reached skill level 1 in Hexes
  2111 | D:3      | Reached skill level 1 in Summonings
  2111 | D:3      | Reached skill level 1 in Necromancy
  2111 | D:3      | Reached skill level 1 in Transmutations
  2111 | D:3      | Reached skill level 1 in Fire Magic
  2111 | D:3      | Reached skill level 1 in Ice Magic
  2111 | D:3      | Reached skill level 1 in Air Magic
  2111 | D:3      | Reached skill level 1 in Earth Magic
  2111 | D:3      | Reached skill level 1 in Poison Magic
  2691 | D:4      | Noticed Eustachio
  2704 | D:4      | HP: 1/32 [ufetubus[Eustachio] (2)]
  2709 | D:4      | HP: 1/32 [ufetubus[Eustachio] (1)]
  2716 | D:4      | Slain by an ufetubus

Illustrated notes

Levels and vault maps discovered:
D:1:      eino_arrival_cavern_e, layout_basic,
          hellmonk_ecumenical_altar_zigzags, serial_shops,
          nicolae_shop_waterfront, minmay_hexomino_f4
D:2:      layout_loops_ring
D:3:      layout_rooms, mainiacjoe_overflow_alcove_2, serial_bayou,
          serial_bayou_shore_a, serial_bayou_pond_a, serial_bayou_pond_c,
          serial_bayou_pond_d, minmay_misc_feat_more_columns, minmay_surrounded
D:4:      layout_basic, slow_altar_2, uniq_natasha, uniq_eustachio

Skill      XL: |  1  2  3  4 |
---------------+-------------+-----
Spellcasting   | 5 |  5.1
Invocations    | 1 |  1.4
Short Blades   | 1 |  1.3
Axes           | 1 |  1.3
Maces & Flails | 1 |  1.3
Polearms       | 1 |  1.3
Staves         | 1 |  1.3
Ranged Weapons | 1 |  1.3
Stealth        | 1 |  1.3
Shields        | 1 |  1.3
Unarmed Combat | 1 |  1.3
Evocations     | 1 |  1.3
Conjurations   | 1 |  1.0
Hexes          | 1 |  1.0
Summonings     | 1 |  1.0
Necromancy     | 1 |  1.0
Transmutations | 1 |  1.0
Fire Magic     | 1 |  1.0
Ice Magic      | 1 |  1.0
Air Magic      | 1 |  1.0
Earth Magic    | 1 |  1.0
Poison Magic   | 1 |  1.0
Fighting       | |  4.7
Long Blades    | |  4.7
Throwing       | |  2.8
Armour         | |  2.8
Dodging        | |  4.7
Translocations | |  5.5

Action                     |  1- 3 |  4- 6 || total
---------------------------+-------+-------++-------
  Melee: Falchion          |   125 |   128 ||   253
         Bite              |     9 |    16 ||    25
         Punch             |       |     3 ||     3
   Cast: Blink             |       |     1 ||     1
   Stab: Sleeping          |       |     1 ||     1
 Armour: Leather armour    |    34 |    45 ||    79
  Dodge: Dodged            |    87 |   121 ||   208

Table legend: (Time is in decaauts)
 A = Elapsed time spent in this place.
 B = Non-inter-level travel time spent in this place.
 C = Inter-level travel time spent in this place.
 D = Time resting spent in this place.
 E = Time spent auto-exploring this place.
 F = Levels seen in this place.
 G = Mean time per level.
                   A        B        C        D        E       F      G
               +--------+--------+--------+--------+--------+-----+--------+
         Total |   2754 |   2689 |     65 |     99 |   2016 |   4 |  688.5 |
       Dungeon |   2754 |   2689 |     65 |     99 |   2016 |   4 |  688.5 |
               +--------+--------+--------+--------+--------+-----+--------+

Top non-repeatable levels by time:
     D:2: 944 daAuts
     D:3: 902 daAuts
     D:1: 850 daAuts
     D:4: 57 daAuts
